 Dungeon Crawl Stone Soup version 0.31-a0-1395-g7c67ea8c80 (webtiles) character file.

Game seed: 8822765321049981532

82 Grafs the Conjurer (level 4, 0/33 HPs)
             Began as a Draconian Conjurer on Dec 25, 2023.
             Was a Follower of Zin.
             Fell down a flight of stairs (1 damage)
             ... on level 3 of the Dungeon.
             The game lasted 00:08:15 (1453 turns).

Grafs the Conjurer (Draconian Conjurer)             Turns: 1453, Time: 00:08:18

Health: 0/33       AC:  5    Str:  9    XL:     4   Next: 21%
Magic:  3/7        EV: 12    Int: 21    God:    Zin [*.....]
Gold:   28         SH:  0    Dex:  9    Spells: 4/7 levels left

rFire   . . .        d - staff of conjuration
rCold   . . .        (no shield)
rNeg    . . .        (body armour unavailable)
rPois   .            (helmet restricted)
rElec   .            (no cloak)
rCorr   .            (no gloves)
SInv    .            (no boots)
Will    .....        (no amulet)
Stlth   +            (no ring)
HPRegen 0.25/turn    (no ring)
MPRegen 0.10/turn

%: no passive effects
@: confused
A: AC +5, unfitting armour, cold-blooded
a: Renounce Religion, Recite, Donate Gold


You were on level 3 of the Dungeon.
You worshipped Zin.
Zin was aware of your devotion.
You visited 1 branch of the dungeon, and saw 3 of its levels.

You collected 64 gold pieces.
You donated 36 gold pieces to Zin.

Inventory:

Missiles
 k - a throwing net
Armour
 b - a +0 robe
Magical Staves
 d - a staff of conjuration (weapon)
Scrolls
 g - a scroll of poison {unknown}
 h - 3 scrolls of identify {unknown}
 i - a scroll of revelation {unknown}
 j - a scroll of teleportation {unknown}
Potions
 a - 2 potions of magic
 c - a potion of haste {unknown}
 e - a potion of ambrosia {unknown}
 f - 3 potions of curing {unknown}


   Skills:
 + Level 0.1 Fighting
 + Level 0.8 Staves
 + Level 2.2 Dodging
 + Level 2.1 Stealth
 + Level 0.1 Unarmed Combat
 + Level 2.4 Spellcasting
 + Level 4.9 Conjurations


You had 4 spell levels left.
You knew the following spells:

 Your Spells              Type           Power      Damage    Failure   Level
a - Magic Dart            Conj           100%       1d8       1%          1
b - Searing Ray           Conj           70%        2d7       2%          2

Your spell library contained the following spells:

 Spells                   Type           Power      Damage    Failure   Level
 Shock                    Conj/Air       76%        1d7       4%          1
 Swiftness                Air            2%         N/A       38%         3
 Fulminant Prism          Conj/Alch      9%         3d7       45%         4
 Iskenderun's Mystic Bla  Conj/Tloc      19%        2d6       45%         4
 Airstrike                Air            1%         2d(1-17)  80%         4


Dungeon Overview and Level Annotations

Branches:
Dungeon (3/15)

Altars:
Sif Muna
Zin

Shops:
D:2 =

Annotations:
D:3 Ijyb


Innate Abilities, Weirdness & Mutations

Your plain brown scales are hard. (AC +5)
You cannot fit into any form of body armour.
You are cold-blooded and may be slowed by cold attacks.


Message History

The endoplasm freezes you.
You are frozen.
You feel yourself slow down.
You hit the endoplasm.
The endoplasm is moderately wounded.
The endoplasm hits you but does no damage.
You're too confused to move!
Ijyb hits you with a +0 dagger. The endoplasm freezes you.
You are frozen.
The endoplasm barely misses you.
Ijyb zaps a wand.
Your will is overpowered!
You are more confused.
The endoplasm closely misses you.
You're too confused to move!
You feel yourself speed up. Ijyb hits you but does no damage.
The endoplasm barely misses you. Ijyb hits you with a +0 dagger.
The endoplasm closely misses you.
A worm comes into view.
Ijyb closely misses you. The endoplasm barely misses you.
The endoplasm freezes you.
You are frozen.
The endoplasm hits you. Ijyb screams, "Me stronger than you!"
The endoplasm attacks as it pursues you!
The endoplasm hits you but does no damage.
The endoplasm attacks as it pursues you!
The endoplasm misses you.
Ijyb zaps a wand.
Your will is overpowered!
You are more confused.
The endoplasm closely misses you.
The endoplasm attacks as it pursues you!
The endoplasm hits you but does no damage.
The endoplasm freezes you.
You are frozen.
* * * LOW HITPOINT WARNING * * *
There is a stone staircase leading up here.
The endoplasm freezes you.
You are frozen.
* * * LOW HITPOINT WARNING * * *
The endoplasm freezes you.
You are frozen.
* * * LOW HITPOINT WARNING * * *
In your confused state, you trip and fall back down the stairs.
You die...

#..≈≈≈≈ #.)...
#.... #..# #.#
#.# ####.####
#..Jg...#
#.@J....#
#..w....#
#.......#
#.......# .
######)###..J#
#...J..#
#..........#
#....#####..
#...##


You could see Ijyb, a worm and 2 endoplasms.

Vanquished Creatures
  2 gnolls (D:3)
  3 adders (D:2)
  A worm (D:2)
  5 bats
  3 endoplasms
  4 hobgoblins
  2 quokkas (D:1)
  3 ball pythons
  4 frilled lizards
  3 goblins
  2 kobolds (D:2)
  3 rats
35 creatures vanquished.

Notes
Turn   | Place    | Note
-------+----------+-------------------------------------------
     0 | D:1      | Grafs the Draconian Conjurer began the quest for the Orb.
     0 | D:1      | Reached XP level 1. HP: 14/14 MP: 3/3
   386 | D:1      | Reached XP level 2. HP: 20/20 MP: 5/5
   759 | D:2      | Reached XP level 3. HP: 21/26 MP: 2/6
   779 | D:2      | Learned a level 2 spell: Searing Ray
  1215 | D:2      | Found Egeanicw's Jewellery Emporium.
  1308 | D:2      | Found a faded altar of an unknown god.
  1318 | D:2      | Prayed at the altar of an unknown god.
  1318 | D:2      | Became a worshipper of Zin the Law-Giver
  1318 | D:2      | Reached * piety under Zin
  1402 | D:3      | Donated 30 gold pieces to Zin
  1412 | D:3      | Found a shimmering blue altar of Sif Muna.
  1418 | D:3      | Reached XP level 4. HP: 33/33 MP: 2/7
  1431 | D:3      | Noticed Ijyb
  1452 | D:3      | HP: 1/33 [frozen (5)]
  1453 | D:3      | Fell down a flight of stairs

Illustrated notes

Levels and vault maps discovered:
D:1:      evilmike_arrival_plus, layout_basic, chequers_serial_rivers_micro_a,
          hangedman_decor_growths, minmay_pentomino_v2
D:2:      layout_basic, dreamdust_ecumenical_altar_statues, serial_shops, shop,
          minmay_fractal_squares_gapless_5
D:3:      layout_rooms, nicolae_sif_muna_condensation, uniq_ijyb, uniq_jessica

Skill      XL: |  1  2 |
---------------+-------+-----
Dodging        | 2 |  2.2
Stealth        | 2 |  2.1
Fighting       | |  0.1
Staves         | |  0.8
Unarmed Combat | |  0.1
Spellcasting   | |  2.4
Conjurations   | |  4.9

Action                     |  1- 3 |  4- 6 || total
---------------------------+-------+-------++-------
  Melee: Unarmed           |     7 |       ||     7
         Staff             |    52 |     4 ||    56
         Tailslap          |     5 |     2 ||     7
   Cast: Magic Dart        |    38 |     3 ||    41
         Searing Ray       |     8 |       ||     8
 Invoke: Donate Gold       |     1 |       ||     1
   Stab: Sleeping          |     1 |       ||     1
 Armour: Skin              |    36 |     9 ||    45
  Dodge: Dodged            |    48 |    10 ||    58

Table legend: (Time is in decaauts)
 A = Elapsed time spent in this place.
 B = Non-inter-level travel time spent in this place.
 C = Inter-level travel time spent in this place.
 D = Time resting spent in this place.
 E = Time spent auto-exploring this place.
 F = Levels seen in this place.
 G = Mean time per level.
                   A        B        C        D        E       F      G
               +--------+--------+--------+--------+--------+-----+--------+
         Total |   1465 |   1465 |      0 |    431 |    252 |   3 |  488.3 |
       Dungeon |   1465 |   1465 |      0 |    431 |    252 |   3 |  488.3 |
               +--------+--------+--------+--------+--------+-----+--------+

Top non-repeatable levels by time:
     D:2: 724 daAuts
     D:1: 685 daAuts
     D:3: 55 daAuts
